 Dungeon Crawl Stone Soup version 0.32-a0-675-gdc239d62e1 (webtiles) character file.

Game seed: 6776892554361722963

11268 javelincjr the Fighter (level 11, 0/106 HPs)
             Began as a Demonspawn Warper on Mar 11, 2024.
             Was a Priest of Beogh.
             Slain by a catoblepas (28 damage)
             ... on level 10 of the Dungeon.
             The game lasted 00:38:07 (11479 turns).

javelincjr the Fighter (Demonspawn Warper)         Turns: 11479, Time: 00:38:07

Health: 0/106      AC: 16    Str: 15    XL:     11   Next: 47%
Magic:  19/20      EV: 12    Int: 18    God:    Beogh [***...]
Gold:   423        SH: 14    Dex: 19    Spells: 15/22 levels left

rFire   + + .        I - +7 spear "Mukoh" {elec, rElec rF+ rC+ Int-2}
rCold   + + .        E - +0 kite shield
rNeg    . . .        A - +2 ring mail {rC+}
rPois   .            (helmet restricted)
rElec   +            (no cloak)
rCorr   .            v - +2 pair of gloves
SInv    .            V - +2 pair of boots of Ignis's Hope {rF+}
Will    .....        J - amulet of the acrobat
Stlth   +            u - +6 ring of dexterity
HPRegen 0.37/turn    S - +6 ring of intelligence
MPRegen 0.17/turn

%: acrobat
@: about to teleport
A: horns 2, molten scales 1, spiny 3, condensation shield, robust 2
a: Renounce Religion, Smiting, Recall Apostles, Dismiss Pellinorc, wizard


You were on level 10 of the Dungeon.
You worshipped Beogh.
Beogh was most pleased with you.
You visited 2 branches of the dungeon, and saw 12 of its levels.

You collected 519 gold pieces.
You spent 96 gold pieces at shops.

Inventory:

Hand Weapons
 a - a +0 spear
 e - a +2 spear of venom
 o - a +0 sling
 H - a +2 dagger of protection
 I - the +7 spear "Mukoh" (weapon) {elec, rElec rF+ rC+ Int-2}
   (You found it on level 7 of the Dungeon)

   Int-2:     It affects your intelligence (-2).
   rF+:       It protects you from fire.
   rC+:       It protects you from cold.
   rElec:     It insulates you from electricity.
 L - the +1 falchion "Gubuig" {spect, rCorr SInv}
   (You found it on level 7 of the Dungeon)

   SInv:      It lets you see invisible.
   rCorr:     It protects you from acid and corrosion.
 N - a +5 heavy trident
Missiles
 d - 12 darts of dispersal (quivered)
 p - a curare-tipped dart
 r - 9 atropa-tipped darts
 w - 19 poisoned darts
 F - 14 boomerangs
Armour
 b - a +0 leather armour
 v - a +2 pair of gloves (worn)
 A - a +2 ring mail of cold resistance (worn)
 E - a +0 kite shield (worn)
 O - an orb of guile
 P - a +2 robe of positive energy
 R - +0 steam dragon scales
 V - the +2 pair of boots of Ignis's Hope (worn) {rF+}
   (You found it on level 10 of the Dungeon)

   rF+:       It protects you from fire.
 Y - +0 acid dragon scales
Jewellery
 u - a +6 ring of dexterity (left hand)
 J - an amulet of the acrobat (around neck)
 S - a +6 ring of intelligence (right hand)
 X - an amulet of guardian spirit
Wands
 t - a wand of polymorph (12)
 B - a wand of charming (37)
 K - a wand of flame (33)
Scrolls
 c - 3 scrolls of blinking
 f - 5 scrolls of noise
 g - 5 scrolls of vulnerability
 j - 4 scrolls of poison
 k - 2 scrolls of summoning
 l - 5 scrolls of teleportation
 n - a scroll of fear
 q - 6 scrolls of amnesia
 x - 2 scrolls of silence
 U - a scroll of fog
Potions
 h - a potion of heal wounds
 i - 2 potions of lignification
 m - 4 potions of cancellation
 C - 3 potions of brilliance
 G - a potion of enlightenment {unknown}
 M - a potion of invisibility {unknown}
 Q - a potion of degeneration {unknown}
 T - 2 potions of haste {unknown}
 W - a potion of might {unknown}


   Skills:
 * Level 9.4 Fighting
 + Level 6.4 Polearms
 - Level 0.8 Throwing
 + Level 6.0 Armour
 + Level 6.1 Dodging
 + Level 4.0 Shields
 + Level 6.1 Spellcasting
 + Level 6.5 Translocations
 + Level 5.9 Invocations


You had 15 spell levels left.
You knew the following spells:

 Your Spells              Type           Power      Damage    Failure   Level
a - Blink                 Tloc           58%        N/A       7%          2
b - Lesser Beckoning      Tloc           58%        N/A       7%          2
c - Teleport Other        Tloc           29%        N/A       14%         3

Your spell library contained the following spells:

 Spells                   Type           Power      Damage    Failure   Level
 Gell's Gravitas          Tloc           29%        N/A       14%         3
 Manifold Assault         Tloc           29%        N/A       41%         4
 Magic Dart               Conj           20%        1d4       54%         1
 Sandblast                Erth           10%        2d5       54%         1
 Call Imp                 Summ           10%        N/A       69%         2
 Dimensional Bullseye     Hex/Tloc       8%         N/A       86%         4
 Vhi's Electric Charge    Tloc/Air       34%        N/A       86%         4
 Call Canine Familiar     Summ           5%         N/A       89%         3
 Passwall                 Erth           5%         N/A       89%         3
 Sigil of Binding         Hex            5%         N/A       89%         3
 Stone Arrow              Conj/Erth      10%        3d7       89%         3
 Brom's Barrelling Bould  Conj/Erth      5%         2d3       100%        4
 Arcjolt                  Conj/Air       2%         1d12      100%        5
 Dispersal                Tloc           14%        N/A       100%        6
 Plasma Beam              Fire/Air       2%         2x1d12    100%        6


Dungeon Overview and Level Annotations

Branches:
Dungeon (11/15)            Temple (0/1) D:7            Lair (1/5) D:10
    Orc: D:9-12

Altars:
Ashenzari
Cheibriados
Fedhas
Hepliaklqana
Kikubaaqudgha
Nemelex Xobeh
Ru
Trog
Wu Jian
Xom
Yredelemnul

Shops:
D:3 =   D:8 *   D:10 ?((((   D:11 *


Innate Abilities, Weirdness & Mutations

Your facial features are unmistakably orcish.
You have a pair of horns on your head.
You are partially covered in molten scales. (AC +2)
You are completely covered in sharp spines.
A meltable shield of frost defends you. (SH +4)
You are very robust. (+20% HP)


Message History

The catoblepas resists with almost no effort.
The ice encasing you melts away.
The death yak is no longer petrified. x2; You block the rime drake's attack.
The catoblepas is struck by your spines.
The catoblepas misses you. The rime drake breathes ice at you.
The icy flash freeze hits you! You partially resist.
You are encased in ice.
Found 12 gold pieces.
The torpor snail is no longer petrified.
The death yak is struck by your spines. The death yak gores you.
* * * LOW HITPOINT WARNING * * *
The ice encasing you melts away. You block the rime drake's attack.
The catoblepas breathes a plume of calcifying dust at you.
The blast of calcifying dust hits you but does no damage.
The catoblepas breathes a plume of calcifying dust at you.
The blast of calcifying dust hits you but does no damage.
There is a staircase back to the Dungeon here.
You are engulfed in calcifying dust.
The catoblepas gores you.
* * * LOW HITPOINT WARNING * * *
The death yak gores you.
* * * LOW HITPOINT WARNING * * *
You climb upwards.
Welcome back to the Dungeon!
You feel yourself speed up.
There is a staircase to the Lair here.
As you read the scroll of teleportation, it crumbles to dust.
You feel strangely unstable. You block the catoblepas's attack.
You block the death yak's attack.
You hit the catoblepas.
You headbutt the catoblepas, but do no damage.
The catoblepas is heavily wounded.
The catoblepas barely misses you. You block the death yak's attack.
You hit the catoblepas.
Lightning courses through the catoblepas!
You headbutt the catoblepas, but do no damage.
The catoblepas is severely wounded.
The catoblepas is struck by your spines.
The catoblepas gores you!!
You die...

#....#.#.##'###...##### #.#
#....'...#.......### #.#
#######.###.........### #.###
....≈##.# #...........## #...#
§§§§.##.# #.P..........########..
§§§§§##.###.......÷......[[..#...
§§§§§##.##...............####....
§§§§§#..##.....####.......###.).∩
≈§§§§####......#@.#..............
.§§§§####......#YY#..÷...##..#÷..
######...[.....##'#......###.##..
#........#..............## ##..##
####.....##............## ##... #
#.....##............# #### #
#########..........## # #
###.......## # ###.....#


You could see a death yak and a catoblepas.

Vanquished Creatures
  2 two-headed ogres
  A skeletal warrior (D:11)
  Pikel (D:6)
  2 ugly things
  A cyclops (D:8)
  An elephant (D:10)
  A gargoyle (D:11)
  Jeremiah (D:8)
  A kobold demonologist (D:9)
  Psyche (D:8)
  A komodo dragon (D:10)
  A hornet (D:9)
  A wraith (D:9)
  A wyvern (D:8)
  Grum (D:10)
  A yak (D:10)
  A basilisk (D:11)
  A steam dragon (D:8)
  2 acid dragons (D:9)
  2 water moccasins
  Duvessa (D:4)
  3 orc warriors
  3 ice beasts
  A sky beast (D:7)
  2 wolves (D:10)
  3 centaurs
  A phantom (D:5)
  4 lemures (D:6)
  3 kobold brigands
  5 bullfrogs
  3 gnoll sergeants (D:9)
  2 scorpions
  Dowan (D:4)
  11 wights
  6 killer bees
  A howler monkey (D:6)
  3 lava snakes (D:8)
  5 hounds
  A jelly (D:6)
  6 orc priests
  A bombardier beetle (D:3)
  A sleepcap (D:6)
  4 iguanas
  12 orc wizards
  11 gnolls (D:9)
  7 adders
  A shadow imp (D:7)
  A white imp (D:4)
  2 dart slugs
  4 ribbon worms
  25 orcs
  4 bats
  3 endoplasms
  7 goblins
  4 hobgoblins
  11 jackals
  A quokka (D:2)
  7 ball pythons
  24 kobolds
  6 rats
  A butterfly (D:3)
226 creatures vanquished.

Vanquished Creatures (collateral kills)
  The ghost of MiniTore the Trooper, a novice CoBe of Trog (D:10)
  A shadow (D:11)
  2 wolves (D:10)
  A howler monkey (D:10)
  An orc (D:11)
  A kobold (D:11)
7 creatures vanquished.

Vanquished Creatures (others)
  An orc apostle (D:11)
  A human (D:9)
  A bullfrog (Lair:1)
  An orc wizard (D:9)
  An orc (D:11)
  A kobold (D:11)
6 creatures vanquished.

Grand Total: 239 creatures vanquished

Notes
Turn   | Place    | Note
-------+----------+-------------------------------------------
     0 | D:1      | javelincjr the Demonspawn Warper began the quest for the
                  | Orb.
     0 | D:1      | Reached XP level 1. HP: 16/16 MP: 3/3
   155 | D:1      | Reached skill level 1 in Armour
   227 | D:1      | Gained mutation: You are partially covered in sharp spines.
                  | [demonic ancestry]
   227 | D:1      | Reached XP level 2. HP: 19/22 MP: 5/5
   702 | D:2      | Gained mutation: You are mostly covered in sharp spines.
                  | [demonic ancestry]
   702 | D:2      | Reached XP level 3. HP: 24/28 MP: 6/6
  1398 | D:3      | Found an ornate altar of the Wu Jian Council.
  1405 | D:3      | Gained mutation: A meltable shield of frost defends you.
                  | (SH +4) [demonic ancestry]
  1405 | D:3      | Reached XP level 4. HP: 34/34 MP: 7/7
  1552 | D:3      | Found Lanaeqegru's Jewellery Shoppe.
  1678 | D:3      | Found a shimmering altar of Xom.
  1895 | D:3      | You fall into a shaft and drop 2 floors!
  1895 | D:5      | Entered Level 5 of the Dungeon
  1907 | D:5      | Noticed a centaur
  2068 | D:4      | Reached skill level 3 in Fighting
  2068 | D:4      | Gained mutation: You are completely covered in sharp
                  | spines. [demonic ancestry]
  2068 | D:4      | Reached XP level 5. HP: 32/41 MP: 8/8
  2475 | D:4      | Noticed Duvessa
  2649 | D:4      | Killed Duvessa
  2650 | D:4      | Gained mutation: You are partially covered in molten
                  | scales. (AC +2) [demonic ancestry]
  2650 | D:4      | Reached XP level 6. HP: 30/47 MP: 8/10
  2699 | D:4      | Noticed Dowan
  2705 | D:4      | Killed Dowan
  3062 | D:4      | Learned a level 2 spell: Blink
  3065 | D:4      | Learned a level 2 spell: Lesser Beckoning
  3069 | D:4      | Learned a level 3 spell: Teleport Other
  3081 | D:4      | Reached skill level 4 in Fighting
  3638 | D:4      | Found a blossoming altar of Fedhas.
  4193 | D:5      | Noticed an ice beast
  4202 | D:4      | Killed an ice beast
  4203 | D:4      | Reached XP level 7. HP: 46/54 MP: 11/11
  4599 | D:5      | Found a snail-covered altar of Cheibriados.
  4910 | D:6      | Reached skill level 5 in Fighting
  5203 | D:7      | Gained mutation: You have a pair of small horns on your
                  | head. [demonic ancestry]
  5203 | D:7      | Reached XP level 8. HP: 62/62 MP: 13/13
  5224 | D:7      | Became a worshipper of Beogh the Shepherd
  5596 | D:7      | Identified the +7 spear "Mukoh" {elec, rElec rF+ rC+ Int-2}
  5704 | D:6      | Noticed Pikel
  5716 | D:6      | Killed Pikel
  5717 | D:6      | Reached skill level 6 in Fighting
  5892 | D:6      | Found a sacrificial altar of Ru.
  5928 | D:6      | Gained mutation: You have a pair of horns on your head.
                  | [demonic ancestry]
  5928 | D:6      | Reached XP level 9. HP: 54/70 MP: 15/15
  6247 | D:7      | Identified the +1 falchion "Gubuig" {spect, rCorr SInv}
  6305 | D:7      | Found a staircase to the Ecumenical Temple.
  6522 | D:8      | Reached * piety under Beogh
  6570 | D:8      | Reached skill level 5 in Translocations
  6659 | D:8      | Noticed a two-headed ogre
  6665 | D:8      | Killed a two-headed ogre
  6666 | D:8      | Reached skill level 7 in Fighting
  6666 | D:8      | Reached skill level 1 in Shields
  6714 | D:8      | Noticed a cyclops
  6738 | D:8      | Killed a cyclops
  6739 | D:8      | Reached skill level 5 in Polearms
  6834 | D:8      | Noticed Jeremiah
  7013 | D:8      | Killed Jeremiah
  7014 | D:8      | Reached skill level 5 in Spellcasting
  7218 | D:8      | Reached skill level 5 in Dodging
  7337 | D:8      | Found a sparkling altar of Nemelex Xobeh.
  7362 | D:8      | Found a bloodstained altar of Trog.
  7383 | D:8      | Reached XP level 10. HP: 79/79 MP: 17/17
  7563 | D:8      | Noticed a red ugly thing
  7575 | D:8      | Killed a red ugly thing
  7576 | D:8      | Reached skill level 5 in Armour
  7929 | D:8      | Noticed an angel
  7934 | D:8      | Found Woanliac's Hallowed Reliquary.
  7939 | D:8      | Bought a potion of curing for 36 gold pieces
  7939 | D:8      | Bought a potion of heal wounds for 60 gold pieces
  7991 | D:8      | Noticed Psyche
  7995 | D:8      | Killed Psyche
  8050 | D:9      | Reached ** piety under Beogh
  8055 | D:9      | Reached skill level 8 in Fighting
  8093 | D:9      | Noticed a green ugly thing
  8099 | D:9      | Killed a green ugly thing
  8181 | D:9      | Found an ancient bone altar of Kikubaaqudgha.
  8239 | D:9      | Found a broken altar of Ashenzari.
  8414 | D:9      | Found a hazy altar of Hepliaklqana.
  8642 | D:9      | Found a basalt altar of Yredelemnul.
  9358 | D:10     | Entered Level 10 of the Dungeon
  9358 | D:10     | Found Fuattaf's Weapon Emporium.
  9368 | D:9      | Reached skill level 5 in Invocations
  9572 | D:10     | Noticed Urug
  9784 | D:10     | Found Mublanan's Weapon Shoppe.
  9858 | D:10     | HP: 3/82 [Urug/+3 war axe of venom (21)]
  9864 | D:10     | Pacified Urug
 10074 | D:10     | Noticed Grum
 10085 | D:10     | Killed Grum
 10118 | D:10     | Found Narenoap's Weapon Shoppe.
 10124 | D:10     | Identified the +2 pair of boots of Ignis's Hope {rF+}
 10163 | D:10     | Reached *** piety under Beogh
 10164 | D:10     | Reached XP level 11. HP: 87/87 MP: 19/19
 10186 | D:10     | Identified the +7 dagger of the Radish {speed, Fly Will+}
 10186 | D:10     | Noticed Pellinorc
 10188 | D:10     | Gained mutation: You are robust. (+10% HP) [potion of
                  | mutation]
 10188 | D:10     | Gained mutation: You are very robust. (+20% HP) [potion of
                  | mutation]
 10196 | D:10     | Anointed Pellinorc the wizard as your apostle
 10419 | D:10     | Found a runed translucent door.
 10420 | D:10     | Noticed MiniTore's ghost (novice CoBe)
 10451 | D:10     | Killed MiniTore's ghost
 10452 | D:10     | Reached skill level 9 in Fighting
 10525 | D:10     | Found Weosm's Magic Scroll Shop.
 10591 | D:10     | Found a staircase to the Lair.
 10628 | D:10     | Noticed a two-headed ogre
 10631 | D:10     | Killed a two-headed ogre
 10704 | D:10     | Found Maqimeh's Antique Weapon Emporium.
 10875 | D:11     | Found Udakuso's Assorted Antiques.
 11113 | D:11     | Noticed a skeletal warrior
 11120 | D:11     | Noticed a skeletal warrior
 11121 | D:11     | Your ally Pellinorc died
 11136 | D:11     | Killed a skeletal warrior
 11146 | D:11     | Noticed a skeletal warrior
 11146 | D:11     | Noticed a skeletal warrior
 11146 | D:11     | Noticed a skeletal warrior
 11418 | Lair:1   | Entered Level 1 of the Lair of Beasts
 11447 | Lair:1   | Noticed a catoblepas
 11448 | Lair:1   | Noticed a death yak
 11448 | Lair:1   | Noticed a death yak
 11479 | D:10     | Slain by a catoblepas

Illustrated notes

Levels and vault maps discovered:
D:1:      nzn_arrival_settlement, layout_loops_ring, kennysheep_another_room
D:2:      layout_loops_cross
D:3:      layout_basic, xom_butterflies, zin_academy,
          nicolae_wu_jian_wuxing_cycle, serial_shops, shop
D:4:      cheibrodos_old_hovel, layout_basic, fedhas_altar_decomposition,
          uniq_duvessa
D:5:      layout_rooms, slow_altar_1, mainiacjoe_overflow_concentric_impassable
D:6:      layout_basic, nicolae_ru_awakened_eye, nicolae_ossuary_entry_ruins,
          uniq_pikel
D:7:      layout_basic, temple_doors_cd
D:8:      kennysheep_big_flooded_room, layout_loops_ring,
          mainiacjoe_overflow_surrounded_room, nicolae_overflow_crystal_walls,
          nicolae_good_shop, uniq_psyche, uniq_jeremiah
D:9:      layout_loops_corners, tgw_kikubaaqudgha, mainiacjoe_overflow_chevrons,
          nicolae_ashenzari_skybound, kennysheep_little_box, grunt_ministairs_9
D:10:     layout_basic, grunt_lair_entry_orc_guard_hut,
          hellmonk_ghost_happy_afterlife, serial_shops, nicolae_lakefront_shop,
          nicolae_shop_waterfront, shop, shop,
          nicolae_shop_bloodbath_and_beyond, uniq_urug, uniq_grum
D:11:     layout_loops_ring, erik_orc_1, kennysheep_windowed_goal
Lair:1:   layout_gridlike, minmay_lair_oklob_items, uniq_amaemon

Skill      XL: |  1  2  3  4  5  6  7  8  9 10 11 |
---------------+----------------------------------+-----
Armour         | 1 2 3 4 5 6 |  6.0
Polearms       | 2 3 4 5 6 |  6.4
Dodging        | 2 3 4 5 6 |  6.1
Translocations | 3 4 5 6 |  6.5
Fighting       | 3 4 5 6 7 8 9 |  9.4
Spellcasting   | 3 4 5 6 |  6.1
Shields        | 2 3 4 |  4.0
Invocations    | 3 5 |  5.9
Throwing       | |  0.8

Action                     |  1- 3 |  4- 6 |  7- 9 | 10-12 || total
---------------------------+-------+-------+-------+-------++-------
  Melee: Spear             |    97 |   415 |   247 |   311 ||  1070
         Unarmed           |       |    18 |       |       ||    18
         Headbutt          |       |       |    21 |    71 ||    92
   Cast: Lesser Beckoning  |       |       |     5 |     1 ||     6
         Teleport Other    |       |       |       |     4 ||     4
         Blink             |       |       |       |     2 ||     2
 Invoke: Convert to Beogh  |       |       |     1 |       ||     1
         Smiting           |       |       |       |     1 ||     1
         Recruit Apostle   |       |       |       |     1 ||     1
  Evoke: Wand              |       |       |       |     8 ||     8
    Use: Scroll            |       |       |       |    17 ||    17
         Potion            |       |       |       |     7 ||     7
   Stab: Sleeping          |     2 |       |       |       ||     2
         Confused          |       |     1 |       |       ||     1
 Armour: Leather armour    |    42 |    47 |    12 |       ||   101
         Skin              |       |     8 |       |     1 ||     9
         Ring mail         |       |       |    76 |   120 ||   196
  Dodge: Dodged            |    42 |    44 |    68 |    96 ||   250
  Block: Other             |       |    20 |    23 |     8 ||    51
         Kite shield       |       |       |       |   133 ||   133

Table legend: (Time is in decaauts)
 A = Elapsed time spent in this place.
 B = Non-inter-level travel time spent in this place.
 C = Inter-level travel time spent in this place.
 D = Time resting spent in this place.
 E = Time spent auto-exploring this place.
 F = Levels seen in this place.
 G = Mean time per level.
                   A        B        C        D        E       F      G
               +--------+--------+--------+--------+--------+-----+--------+
         Total |  11441 |  11080 |    361 |   1051 |   7596 |  12 |  953.4 |
       Dungeon |  11371 |  11011 |    360 |   1051 |   7582 |  11 | 1033.7 |
          Lair |     70 |     70 |      0 |      0 |     14 |   1 |   70.0 |
               +--------+--------+--------+--------+--------+-----+--------+

Top non-repeatable levels by time:
     D:4: 1830 daAuts
    D:10: 1537 daAuts
     D:9: 1438 daAuts
     D:8: 1422 daAuts
     D:7: 1087 daAuts
     D:3: 950 daAuts
     D:2: 703 daAuts
     D:1: 694 daAuts
     D:6: 654 daAuts
     D:5: 648 daAuts
    D:11: 403 daAuts
  Lair:1: 70 daAuts
